 Dungeon Crawl Stone Soup version 0.29.1-1-gd02db6906a (webtiles) character file.

Game seed: 18106125841847000098

522 GigaChad the Fighter (level 7, 0/70 HPs)
             Began as a Minotaur Fighter on Sept 30, 2022.
             Was an Initiate of Trog.
             Slain by an ogre
             ... wielding a +0 giant spiked club
              (16 damage)
             ... on level 5 of the Dungeon.
             The game lasted 00:07:14 (3401 turns).

GigaChad the Fighter (Minotaur Fighter)             Turns: 3401, Time: 00:07:14

Health: 0/70       AC: 11    Str: 22    XL:     7   Next: 1%
Magic:  6/6        EV:  7    Int:  5    God:    Trog [......]
Gold:   262        SH:  6    Dex: 10    Spells: 6/6 levels left

rFire   . . .      SeeInvis .   a - +0 long sword
rCold   . . .      Faith    .   s - +2 buckler
rNeg    . . .      Spirit   .   h - +0 chain mail
rPois   .          Reflect  .   (helmet restricted)
rElec   .          Harm     .   (no cloak)
rCorr   .          Rampage  .   (no gloves)
Will    .....                   i - +1 pair of boots
Stlth   ..........              (no amulet)
HPRegen 0.21/turn               (no ring)
MPRegen 0.10/turn               (no ring)

@: no status effects
A: horns 2, retaliatory headbutt
a: Renounce Religion


You were on level 5 of the Dungeon.
You worshipped Trog.
Trog was noncommittal.
You visited 1 branch of the dungeon, and saw 5 of its levels.

You collected 262 gold pieces.

Inventory:

Hand Weapons
 a - a +0 long sword (weapon)
Armour
 b - a +0 scale mail
 c - a +0 buckler
 h - a +0 chain mail (worn)
 i - a +1 pair of boots (worn)
 s - a +2 buckler (worn)
 t - a +0 chain mail
Scrolls
 f - 4 scrolls of enchant weapon {unknown}
 j - a scroll of silence {unknown}
 k - a scroll of fog {unknown}
 l - a scroll of immolation {unknown}
 n - 2 scrolls of noise
 o - a scroll of magic mapping {unknown}
 p - 2 scrolls of identify {unknown}
 q - a scroll of torment {unknown}
 u - a scroll of summoning {unknown}
Potions
 d - a potion of might
 g - a potion of attraction {unknown}
 m - a potion of resistance {unknown}
 r - 2 potions of curing {unknown}


   Skills:
 + Level 9.4 Fighting
 - Level 2.5 Long Blades
 - Level 3.7 Armour
 - Level 4.0 Shields


You had 6 spell levels left.
You didn't know any spells.
Your spell library contained the following spells:

 Spells                   Type           Power      Damage    Failure   Level
 Poisonous Vapours        Pois/Air       0%         N/A       100%        2
 Corpse Rot               Necr/Pois/Air  0%         N/A       100%        4


Dungeon Overview and Level Annotations

Branches:
Dungeon (5/15)
 Temple: D:4-7

Altars:
Hepliaklqana
Nemelex Xobeh
Trog

Annotations:
D:4 2 transporters, miserystealer's ghost, novice OpBr


Innate Abilities, Weirdness & Mutations

You have a pair of horns on your head.
You reflexively headbutt those who attack you in melee.


Message History

You hit the adder.
The adder is almost dead.
You feel sick. The adder bites you. The adder bites you but does no damage.
You hit the adder.
You kill the adder!
Trog accepts your kill.
You feel sick.
You are no longer poisoned.
The ogre hits you with a +0 giant spiked club!!
The iguana completely misses you.
You have reached level 7!
You closely miss the iguana.
The ogre hits you with a +0 giant spiked club!
* * * LOW HITPOINT WARNING * * *
You block the iguana's attack.
You hit the iguana. You headbutt the iguana.
The iguana is lightly wounded.
You block the ogre's attack.
The iguana bites you but does no damage.
You hit the iguana but do no damage. Your headbutt misses the iguana.
The iguana is lightly wounded.
The iguana bites you but does no damage.
You block the ogre's attack.
The iguana bites you but does no damage.
As you read the scroll of fear, it crumbles to dust.
You assume a fearsome visage.
The ogre looks frightened!
The iguana looks frightened!
The ogre begs for mercy.
The ogre barely misses you.
You slash the ogre!
The ogre is moderately wounded.
The ogre hits you but does no damage.
You barely miss the ogre. Your headbutt misses the ogre.
The ogre is moderately wounded.
The ogre hits you with a +0 giant spiked club!
* * * LOW HITPOINT WARNING * * *
You barely miss the ogre.
The ogre is moderately wounded.
The ogre hits you with a +0 giant spiked club!
You die...

#.........# ... #.........#
#...
#.........###########..#. (#
#........................ .#
#.....................#.# l.
#........................ #.
#....................#... #..
#.........#####.###<.#
#.###......O@.......##.......
#..#..l...####...............
#....###### ..##.......$...
......#.........
............###
.....#.......>.#
##..........#
..O....#....#... #......##.#
....####......## ...#..# .#
... #.....## .# .. #.....#


You could see an ogre and an iguana.

Vanquished Creatures
  Grinder (D:3)
  2 hounds (D:4)
  A jelly (D:4)
  An iguana (D:4)
  Natasha (thrice) (D:4)
  6 adders
  A gnoll (D:1)
  A worm (D:3)
  4 dart slugs
  4 endoplasms
  3 giant cockroaches (D:1)
  8 goblins
  5 hobgoblins
  3 kobolds
  3 quokkas (D:1)
  8 ball pythons
  6 bats
  3 frilled lizards (D:1)
  8 rats
  A spectral goblin (D:3)
72 creatures vanquished.

Vanquished Creatures (others)
  A fungus (D:2)
  6 plants (D:2)
7 creatures vanquished.

Grand Total: 79 creatures vanquished

Notes
Turn   | Place    | Note
-------+----------+-------------------------------------------
     0 | D:1      | GigaChad the Minotaur Fighter began the quest for the Orb.
     0 | D:1      | Reached XP level 1. HP: 19/19 MP: 0/0
    45 | D:1      | Reached skill level 4 in Fighting
    45 | D:1      | Reached XP level 2. HP: 10/27 MP: 1/1
   649 | D:1      | Reached XP level 3. HP: 34/34 MP: 2/2
   832 | D:1      | Reached skill level 5 in Fighting
  1409 | D:2      | You fall into a shaft and drop 2 floors!
  1443 | D:3      | Reached XP level 4. HP: 44/44 MP: 3/3
  1883 | D:3      | Reached skill level 6 in Fighting
  1934 | D:3      | Found a sparkling altar of Nemelex Xobeh.
  2007 | D:3      | Found a bloodstained altar of Trog.
  2010 | D:3      | Became a worshipper of Trog the Wrathful
  2099 | D:3      | Noticed Grinder
  2123 | D:3      | Killed Grinder
  2124 | D:3      | Reached skill level 8 in Fighting
  2124 | D:3      | Reached XP level 5. HP: 34/53 MP: 4/4
  2124 | D:3      | Reached XP level 6. HP: 40/61 MP: 5/5
  2709 | D:3      | Found a hazy altar of Hepliaklqana.
  2910 | D:4      | Noticed Natasha
  2920 | D:4      | Killed Natasha
  2937 | D:4      | Noticed Natasha
  2945 | D:4      | Killed Natasha
  2967 | D:4      | Noticed Natasha
  2974 | D:4      | Found a transporter.
  2980 | D:4      | Noticed miserystealer's ghost (novice OpBr)
  2981 | D:4      | Reached skill level 9 in Fighting
  2984 | D:4      | Killed Natasha
  2989 | D:4      | Found a transporter.
  3244 | D:5      | Entered Level 5 of the Dungeon
  3371 | D:5      | Reached XP level 7. HP: 29/70 MP: 6/6
  3401 | D:5      | Slain by an ogre

Illustrated notes

Levels and vault maps discovered:
D:1:      erik_arrival_blinker_ship, layout_loops_ring
D:2:      layout_basic, shapermc_ecumenical_altar_hornbeckon,
          chequers_serial_rivers_room_b
D:3:      layout_rooms, lemuel_doored_altar,
          nicolae_hepliaklqana_monster_ancestors, nemelex_altar_shiori,
          hangedman_decor_push, uniq_grinder
D:4:      layout_rooms, zin_statuary, gammafunk_ghost_arena,
          kennysheep_nondescript, uniq_natasha
D:5:      layout_rooms, mainiacjoe_overflow_paths,
          minmay_temple_entry_butterflies

Skill      XL: |  1  2  3  4  5  6 |
---------------+-------------------+-----
Fighting       | 4 5 8 9 |  9.4
Shields        | 4 |  4.0
Long Blades    | |  2.5
Armour         | |  3.7

Action                   |  1- 3 |  4- 6 |  7- 9 || total
-------------------------+-------+-------+-------++-------
Melee: Long sword        |   109 |   100 |     6 ||   215
       Headbutt          |    18 |    10 |     1 ||    29
  Use: Scroll            |       |     2 |     1 ||     3
Armor: Scale mail        |    44 |       |       ||    44
       Chain mail        |    20 |    56 |     4 ||    80
Dodge: Dodged            |    61 |    54 |     1 ||   116
Block: Buckler           |    34 |    36 |     3 ||    73
